Map: Paladino Terminal LE

Players

uThermal - Winner!

  • Race: Terran Terran
  • Spawn Location: 9:00

INnoVation

  • Race: Terran Terran
  • Spawn Location: 5:00

Event: IEM XI Katowice - World Championship 2017

VOD

Have the link to the VOD?

Description

Time

  • Played on: March 3, 2017, 4:20 p.m.
  • Length: 4:30

All games in this series

Show
View Real Time Build Order
Export as new Build Order

uThermal Terran - Winner!

Build Orders:  

Get SALT Encoding   

  12  0:08  Supply Depot  
  12  0:20  SCV  
  13  0:33  Barracks  
  13  0:40  Refinery  
  13  0:56  Barracks  
  13  1:03  SCV  
  14  1:23  Reaper  
  15  1:28  Barracks  
  15  1:37  Refinery  
  15  1:44  Reaper  
  16  2:00  Reaper  
  17  2:15  Reaper  
  18  2:20  Reaper  
  19  2:32  Reaper  
  18  2:47  Reaper  
  19  2:52  Reaper  
  20  3:04  Reaper  
  21  3:19  Reaper  
  22  3:24  Reaper  
  23  3:33  Supply Depot  
  23  3:55  Reaper x2  
Show
View Real Time Build Order
Export as new Build Order

INnoVation Terran 

Build Orders:  

Get SALT Encoding   

  12  0:00  SCV  
  13  0:12  SCV  
  14  0:17  Supply Depot  
  14  0:25  SCV  
  15  0:29  Refinery  
  15  0:39  SCV  
  16  0:46  Barracks  
  16  0:51  SCV  
  17  0:57  Refinery  
  17  1:03  SCV  
  18  1:15  SCV  
  19  1:33  Reaper, Orbital Command  
  19  1:38  Factory  
  20  1:50  Supply Depot  
  20  1:58  SCV  
  21  2:05  Reaper  
  22  2:16  SCV  
  22  2:22  Hellion  
  25  2:25  Supply Depot  
  25  2:28  SCV  
  20  2:38  Reaper  
  20  2:40  SCV  
  20  2:43  Hellion  
  24  2:52  SCV  
  24  3:04  Hellion  
  24  3:08  SCV  
  24  3:10  Reaper  
  25  3:22  SCV  
  22  3:31  Hellion  
  22  3:43  Reaper  

Tags
 
Add a new tag
Caveats
  • Supply blocks, unpowered buildings, or Contaminate may cause inaccurate times.
  • Supply counts are checked every 10 seconds.